woodfighter, neutral female human Healer #------------- ------ ------ f|%}}>}=.}}}}. ##|....+ |.....## #@#u;;;}.;;}}}.| #|....| |....| q |.}}}}}}}.... #|....| |....-# ##* ------------ #|....| -------------- |.[).|# # #----.-# |.............# --|---### ######### |............|# # # # # |............|# # # ### # --.-------+---# # ### # # ### ## # ## # # ### # # # # ---|--# ### ----- ` # # ################# |..%%|# # |....####### ##### ###-.--- ## |....|# ##....| ##--.------ #....| |....|# |...| ##........| |..<| |.....# |...| #|........ ....| ------ |...| #........| ----- -+--- --------- woodfighter the Embalmer Experience level: 8 Strength: 12 Dexterity: 12 Constitution: 18 Intelligence: 9 Wisdom: 17 Charisma: 18 Health: 0(65) Energy: 37(61) Def: 7 Gold: 274 Moves: 12057 Dungeon seed: T20eS4sxHuyGjPBJ Game ID: woodfighter_1507586673 Your Inventory: Coins $ - 274 gold pieces Amulets G - an uncursed amulet of reflection (being worn) T - a cursed amulet of strangulation V - an uncursed amulet of unchanging Weapons a - a +1 scalpel x - 50 +0 darts (in quiver) Q - a +0 elven spear (weapon in hand) Armor e - an uncursed +1 pair of leather gloves n - a blessed +1 leather armor (being worn) r - a cursed -1 pair of levitation boots u - an uncursed rusty +0 pair of gauntlets of power z - a blessed +1 dwarvish cloak (being worn) N - an uncursed +0 pair of elven boots (being worn) Comestibles c - 3 uncursed pancakes d - an uncursed magic bean i - 2 uncursed candy bars k - 6 blessed eucalyptus leaves l - 3 blessed sprigs of wolfsbane m - 2 blessed cloves of garlic o - 7 uncursed apples t - an uncursed food ration D - an uncursed cream pie O - an uncursed banana P - an uncursed lichen corpse R - 2 uncursed tripe rations U - 2 uncursed oranges Rings E - an uncursed ring of fire resistance (on left hand) Wands f - a wand of secret door detection (0:12) g - a wand of sleep (0:7) h - a wand of digging (0:2) v - a wand of teleportation (0:2) Tools b - an uncursed stethoscope s - an uncursed bag of holding y - an uncursed skeleton key H - an uncursed towel M - a +0 unicorn horn Gems q - an uncursed luckstone Contents of the bag of holding: 59 gold pieces an uncursed +0 mummy wrapping a [uncursed] scroll of teleportation a [uncursed] potion of enlightenment an uncursed can of grease [0:13] an uncursed [+0] pick-axe Spells and supernatural/magical abilities: Name Level Category Fail Memory h - healing 1 healing 8% 40% x - extra healing 3 healing 28% 40% S - stone to flesh 3 healing 42% 40% W - pray for help -- divine ? -- Your skills at the end: Miscellaneous Skills wands [Basic] Weapon Skills knife [Basic] dart [Basic] Spellcasting Skills healing spells [Basic] Final Attributes: You were devoutly aligned. You were fire resistant. You were poison resistant. Your writing hand was ok. You were telepathic. You were somewhat stealthy. You were protected. You were fast. You had reflection. You were lucky. You had extra luck. Bad luck did not time out for you. Good luck did not time out for you. You are dead. Vanquished creatures: 2 giant mimics a large mimic a quantum mechanic a shocking sphere a dwarf king a human mummy an ettin zombie a leprechaun 2 giant spiders a scorpion 6 gnome kings a dwarf mummy a rust monster 3 piranhas a chickatrice a dog a dingo a jaguar a blue jelly a water nymph 2 white unicorns a dust vortex 4 Woodland-elves an ape a yellow light 2 imps a wood nymph 10 Mordor orcs 10 Uruk-hai 13 orc shamans 2 rock piercers a pony 3 shriekers a violet fungus 12 gnome lords 2 gnomish wizards a golden naga hatchling a guardian naga hatchling a gray ooze 2 elf zombies a straw golem a paper golem 2 giant ants 4 floating eyes 2 kittens 17 dwarves 3 homunculi a kobold lord a kobold shaman 7 iguanas 17 hill orcs 8 rothes a rabid rat 2 centipedes a jitterbug a giant bat 3 orc zombies a dwarf zombie a wererat 2 killer bees 5 coyotes 4 gas spores 7 hobbits an acid blob a large kobold 8 geckos 6 hobgoblins 11 giant rats 5 cave spiders 3 yellow molds 3 green molds 2 red molds 54 gnomes 13 garter snakes 3 gnome zombies 12 jackals 3 foxes 3 kobolds 12 newts 9 goblins 4 sewer rats 17 grid bugs 4 bats 5 lichens 2 kobold zombies 373 creatures vanquished. Voluntary challenges: You did not cause conflict. You were not invisible. You did not have reflection until turn 6358. You were not displaced. You had been an atheist until turn 3212. You used a wielded weapon 686 times, starting on turn 218. You did not apply a unicorn horn. You did not use plumbed fixtures. You did not drink any magical draughts. You read items or engraved 4 times, starting on turn 3209. You never genocided any monsters. You never polymorphed an object. You never changed form. You cheated 1 time but completed Sokoban on turn 6275. You used no wishes. You never split a pudding. You never wrote Elbereth's name. You violated your moral code, losing 3 points of alignment, starting on turn 8709. Dungeon overview: The Dungeons of Doom: levels 1 to 9 Level 1 a long staircase Level 2 a fountain stairs to The Gnomish Mines Level 3 (vault) some fountains Level 4 a potion shop, a sink Level 5 an armor shop, a sink Level 6 many fountains Level 7 an armor shop, some fountains, a sink stairs to Sokoban Level 8 a sink Level 9 <- You were here The Gnomish Mines: levels 3 to 10 Level 3 stairs to The Dungeons of Doom Level 4 Level 5 many shops, a temple to Hermes, a magic chest, some fountains Level 6 Level 7 Level 8 Level 9 Level 10 many altars to Moloch, a magic chest, some fountains Sokoban: levels 3 to 6 Level 3 a magic chest Level 4 Level 5 Level 6 an altar to Athena, a magic chest stairs to The Dungeons of Doom History has recorded: On T:1 you entered the Dungeons of Doom to retrieve the Amulet of Yendor! On T:90 you reached level 3 of The Dungeons of Doom. On T:331 you reached level 4 of The Dungeons of Doom. On T:383 you reached level 2 of The Dungeons of Doom. On T:869 you advanced to experience level 2. On T:1008 you reached level 1 of The Gnomish Mines. On T:1343 you reached level 5 of The Dungeons of Doom. On T:1426 you advanced to experience level 3. On T:1655 you reached level 6 of The Dungeons of Doom. On T:2380 you advanced to experience level 4. On T:2900 you reached level 7 of The Dungeons of Doom. On T:2956 you reached level 4 of Sokoban. On T:3206 you opened a magic chest. On T:3448 you advanced to experience level 5. On T:3454 you reached level 3 of Sokoban. On T:3959 you reached level 2 of Sokoban. On T:4963 you reached level 1 of Sokoban. On T:5039 you advanced to experience level 6. On T:6275 you entered the Sokoban zoo. On T:6853 you reached level 2 of The Gnomish Mines. On T:7058 you reached level 3 of The Gnomish Mines. On T:7287 you entered the Minetown temple On T:7298 you advanced to experience level 7. On T:7497 you reached level 4 of The Gnomish Mines. On T:7690 you reached level 5 of The Gnomish Mines. On T:8031 you reached level 6 of The Gnomish Mines. On T:8693 you reached level 7 of The Gnomish Mines. On T:9183 you reached level 8 of The Gnomish Mines. On T:9183 you reached the bottom of the Mines. On T:9517 you advanced to experience level 8. On T:11023 you reached level 8 of The Dungeons of Doom. On T:11599 you reached level 9 of The Dungeons of Doom. On T:11632 you prayed to Hermes. Score breakdown: Gold: 0 ( 0 points) Experience: 8 levels ( 700 points) Exploration: 10 levels ( 270 points) Discoveries: 37 items ( 1850 points) Variety of kills: 85 monsters ( 2000 points) Major goal: Sokoban/Mines ( 1500 points) Survival: died (score multiplied by 3) Total score: 18960 Latest messages: You miss the leocrotta. The leocrotta claws you! The leocrotta bites! The leocrotta misses. The warhorse kicks the leocrotta. The warhorse bites the leocrotta. The leocrotta misses the warhorse. The leocrotta bites the warhorse. The leocrotta claws the warhorse. Never mind. You feel better. The leocrotta claws you! The leocrotta misses. The leocrotta claws you! You feel better. The leocrotta claws you! The leocrotta misses. The leocrotta claws you! You feel better. The leocrotta claws you! The leocrotta bites! The leocrotta claws you! (2x) The leocrotta bites! You die... Final status: Goodbye woodfighter the Healer, killed by a leocrotta... You died in The Dungeons of Doom on dungeon level 9 with 18960 points, and 333 pieces of gold, after 12057 moves. You were level 8 with a maximum of 65 hit points when you died.